3AAA
HOUSTON BC @ PENNSAUKEN FLYERS
08/07/2039
 
TOP OF THE 1ST
Houston BC batting - Pitching for Pennsauken Flyers : LHP Dave O'Neil
Pitching: LHP Dave O'Neil
Batting: LHB Ramón Torres 0-0: Called Strike
0-1: Ball
1-1: Foul Ball, location: 2F
1-2: Ball
2-2: Foul Ball, location: 2F
2-2: Ground out 6-3 (Groundball, 6, EV 90.0 MPH)
Batting: LHB Rich Watkins 0-0: Ground out 1-3 (Groundball, 15, EV 81.2 MPH)
Batting: LHB José Vera 0-0: Ball
1-0: Ball
2-0: Foul Ball, location: 2F
2-1: Ball
3-1: Base on Balls
Batting: RHB Bailey Gribbins 0-0: Called Strike
0-1: Called Strike
0-2: Fly out, F8 (Flyball, 78D, EV 100.6 MPH)
Top of the 1st over - 0 runs, 0 hits, 0 errors, 1 left on base; Houston 0 - Pennsauken 0
BOTTOM OF THE 1ST
Pennsauken Flyers batting - Pitching for Houston BC : RHP Harvey Wyles
Pitching: RHP Harvey Wyles
Batting: RHB Kian Curling 0-0: Called Strike
0-1: Ball
1-1: Ground out 6-3 (Groundball, 6, EV 103.8 MPH)
Batting: LHB Masamune Ueda 0-0: Called Strike
0-1: Ball
1-1: Ball
2-1: Ground out U3 (Groundball, 3, EV 88.8 MPH)
Batting: RHB Bras Castanheta 0-0: Called Strike
0-1: Ball
1-1: Ball
2-1: Fly out, F9 (Flyball, 9LSF, EV 93.1 MPH)
Bottom of the 1st over - 0 runs, 0 hits, 0 errors, 0 left on base; Houston 0 - Pennsauken 0
TOP OF THE 2ND
Houston BC batting - Pitching for Pennsauken Flyers : LHP Dave O'Neil
Batting: RHB Doug Day 0-0: Ground out 4-3 (Groundball, 4, EV 85.0 MPH)
Batting: RHB Omer van de Linde 0-0: Foul Ball, location: 2F
0-1: Ball
1-1: Ball
2-1: Foul Ball, location: 2F
2-2: Ground out 5-3 (Groundball, 56, EV 81.2 MPH)
Batting: LHB Juan Macíel 0-0: Ball
1-0: Swinging Strike
1-1: Ball
2-1: Ball
3-1: Swinging Strike
3-2: Strikes out swinging
Top of the 2nd over - 0 runs, 0 hits, 0 errors, 0 left on base; Houston 0 - Pennsauken 0
BOTTOM OF THE 2ND
Pennsauken Flyers batting - Pitching for Houston BC : RHP Harvey Wyles
Batting: LHB Murray Sperber 0-0: TRIPLE (Flyball, 89XD, EV 102.5 MPH)
Batting: LHB Felipe Dávila 0-0: Foul Ball, location: 2F
0-1: SINGLE (Groundball, 34D, EV 95.6 MPH)
Murray Sperber scores
Batting: RHB Manuel Vallejo 0-0: Fly out, F9 (Flyball, 9LM, EV 87.5 MPH)
Batting: LHB Michael Cochran 0-0: Ball
1-0: Ball
2-0: Foul Ball, location: 2F
2-1: Called Strike
2-2: DOUBLE (Line Drive, 89XD, EV 101.9 MPH)
Felipe Dávila to third
Runner from 3rd tries for Home, SAFE, throw by CF to trailing runner, SAFE at third!
Batting: RHB Adam Wiltern 0-0: Called Strike
0-1: Ball
1-1: Ball
2-1: Ball
3-1: SINGLE (Line Drive, 6M, EV 106.2 MPH)
Michael Cochran scores
Batting: RHB Kasper Schuilenberg 0-0: Called Strike
0-1: Swinging Strike
0-2: Strikes out swinging
Batting: RHB Kian Curling 0-0: Called Strike
0-1: Called Strike
0-2: Ball
1-2: Fly out, F3 (Popup, 3, EV 66.2 MPH)
Bottom of the 2nd over - 3 runs, 4 hits, 0 errors, 1 left on base; Houston 0 - Pennsauken 3
TOP OF THE 3RD
Houston BC batting - Pitching for Pennsauken Flyers : LHP Dave O'Neil
Batting: LHB Armando Viña 0-0: SINGLE (Groundball, 4, EV 101.2 MPH) (infield hit)
Batting: RHB Tong-sik Im 0-0: Called Strike
0-1: Ball
1-1: Foul Ball, location: 2F
1-2: Ball
2-2: Foul Ball, location: 2F
2-2: SINGLE (Groundball, 34D, EV 103.8 MPH)
Armando Viña to second
Runner from 2nd tries for 3rd, SAFE, throw by RF made to third
Batting: LHB Ramón Torres 0-0: Foul Ball, location: 2F
0-1: Foul Ball, location: 2F
0-2: Ball
1-2: Strikes out swinging
Batting: LHB Rich Watkins 0-0: Called Strike
0-1: Called Strike
0-2: Ball
1-2: Strikes out swinging
Tong-sik Im is caught stealing 2nd base 2-6
Batter strikes out.
Top of the 3rd over - 0 runs, 2 hits, 0 errors, 1 left on base; Houston 0 - Pennsauken 3
BOTTOM OF THE 3RD
Pennsauken Flyers batting - Pitching for Houston BC : RHP Harvey Wyles
Batting: LHB Masamune Ueda 0-0: Swinging Strike
0-1: Ball
1-1: Foul Ball, location: 2F
1-2: Ball
2-2: Foul Ball, location: 2F
2-2: Foul Ball, location: 2F
2-2: Ball
3-2: Foul Ball, location: 2F
3-2: Foul Ball, location: 2F
3-2: Base on Balls
Batting: RHB Bras Castanheta 0-0: Called Strike
0-1: Ball
1-1: Foul Ball, location: 2F
1-2: Foul Ball, location: 2F
1-2: Ball
2-2: Foul Ball, location: 2F
2-2: DOUBLE (Flyball, 8RXD, EV 100.0 MPH)
Masamune Ueda to third
Runner from 3rd tries for Home, SAFE, throw by CF to trailing runner, SAFE at third!
Batting: LHB Murray Sperber 0-0: Fly out, F2 (Popup, 2LF, EV 82.5 MPH)
Batting: LHB Felipe Dávila 0-0: Ball
1-0: Called Strike
1-1: Foul Ball, location: 2F
1-2: Strikes out swinging
Batting: RHB Manuel Vallejo 0-0: Called Strike
0-1: Ground out 5-3 (Groundball, 56S, EV 84.4 MPH)
Bottom of the 3rd over - 1 run, 1 hit, 0 errors, 1 left on base; Houston 0 - Pennsauken 4
TOP OF THE 4TH
Houston BC batting - Pitching for Pennsauken Flyers : LHP Dave O'Neil
Batting: LHB José Vera 0-0: Swinging Strike
0-1: Called Strike
0-2: Ground out 4-3 (Groundball, 4M, EV 111.2 MPH)
Batting: RHB Bailey Gribbins 0-0: Called Strike
0-1: Foul Ball, location: 2F
0-2: Ball
1-2: Foul Ball, location: 2F
1-2: Strikes out looking
Batting: RHB Doug Day 0-0: Ball
1-0: Called Strike
1-1: Ball
2-1: Foul Ball, location: 2F
2-2: Strikes out swinging
Top of the 4th over - 0 runs, 0 hits, 0 errors, 0 left on base; Houston 0 - Pennsauken 4
BOTTOM OF THE 4TH
Pennsauken Flyers batting - Pitching for Houston BC : RHP Harvey Wyles
Batting: LHB Michael Cochran 0-0: Ball
1-0: Ball
2-0: Ball
3-0: Base on Balls
Batting: RHB Adam Wiltern 0-0: Ball
1-0: Ball
2-0: SINGLE (Line Drive, 8LS, EV 106.2 MPH)
Michael Cochran to second
Batting: RHB Kasper Schuilenberg 0-0: Ball
1-0: Called Strike
1-1: Ball
2-1: Swinging Strike
2-2: Grounds into double play, 4-6-3 (Groundball, 34, EV 90.0 MPH)
Michael Cochran to third
Batting: RHB Kian Curling 0-0: Called Strike
0-1: Foul Ball, location: 2F
0-2: Ball
1-2: Ground out 1-3 (Groundball, P, EV 81.2 MPH)
Bottom of the 4th over - 0 runs, 1 hit, 0 errors, 1 left on base; Houston 0 - Pennsauken 4
TOP OF THE 5TH
Houston BC batting - Pitching for Pennsauken Flyers : LHP Dave O'Neil
Batting: RHB Omer van de Linde 0-0: Called Strike
0-1: Ball
1-1: Ground out 6-3 (Groundball, 56D, EV 91.2 MPH)
Batting: LHB Juan Macíel 0-0: Ground out 4-3 (Groundball, 4, EV 78.1 MPH)
Batting: LHB Armando Viña 0-0: Fly out, F8 (Flyball, 8RD, EV 91.9 MPH)
Top of the 5th over - 0 runs, 0 hits, 0 errors, 0 left on base; Houston 0 - Pennsauken 4
BOTTOM OF THE 5TH
Pennsauken Flyers batting - Pitching for Houston BC : RHP Harvey Wyles
Batting: LHB Masamune Ueda 0-0: Called Strike
0-1: Foul Ball, location: 2F
0-2: Ball
1-2: Ball
2-2: Ball
3-2: Foul Ball, location: 2F
3-2: SOLO HOME RUN (Flyball, 89XD, EV 97.5 MPH), Distance : 426 ft
Pitching: RHP Wop Baars
Batting: RHB Bras Castanheta 0-0: Ball
1-0: Ball
2-0: Called Strike
2-1: Ball
3-1: Foul Ball, location: 2F
3-2: Foul Ball, location: 2F
3-2: Foul Ball, location: 2F
3-2: Foul Ball, location: 2F
3-2: SINGLE (Line Drive, 8RS, EV 98.1 MPH)
Batting: LHB Murray Sperber 0-0: Fly out, F8 (Line Drive, 8LD, EV 105.6 MPH)
Batting: LHB Felipe Dávila 0-0: Foul Ball, location: 2F
0-1: Foul Ball, location: 2F
0-2: Foul Ball, location: 2F
0-2: Ball
1-2: Fielders Choice at 2nd, 4-6 (Groundball, 34, EV 76.9 MPH)
Batting: RHB Manuel Vallejo 0-0: Ball
1-0: Called Strike
1-1: Foul Ball, location: 2F
1-2: Foul Ball, location: 2F
1-2: Foul Ball, location: 2F
1-2: Ball
2-2: Foul Ball, location: 2F
2-2: Strikes out swinging
Bottom of the 5th over - 1 run, 2 hits, 0 errors, 1 left on base; Houston 0 - Pennsauken 5
TOP OF THE 6TH
Houston BC batting - Pitching for Pennsauken Flyers : LHP Dave O'Neil
Batting: RHB Tong-sik Im 0-0: SINGLE (Line Drive, 56, EV 96.2 MPH)
Batting: LHB Ramón Torres 0-0: Ball
1-0: Swinging Strike
1-1: Swinging Strike
1-2: Strikes out swinging
Batting: LHB Rich Watkins 0-0: Called Strike
0-1: Fly out, F7 (Line Drive, 7S, EV 101.2 MPH)
Batting: LHB José Vera 0-0: Ball
1-0: Ball
2-0: Foul Ball, location: 2F
2-1: Ball
3-1: Called Strike
3-2: Strikes out swinging
Top of the 6th over - 0 runs, 1 hit, 0 errors, 1 left on base; Houston 0 - Pennsauken 5
BOTTOM OF THE 6TH
Pennsauken Flyers batting - Pitching for Houston BC : RHP Wop Baars
Batting: LHB Michael Cochran 0-0: SINGLE (Flyball, 78M, EV 96.9 MPH)
Batting: RHB Adam Wiltern 0-0: Ball
1-0: SINGLE (Line Drive, 9S, EV 90.0 MPH)
Michael Cochran to second
Runner from 2nd tries for 3rd, SAFE, no throw by RF
Batting: RHB Kasper Schuilenberg 0-0: Swinging Strike
0-1: Foul Ball, location: 2F
0-2: Ball
1-2: Ground out 6-3 (Groundball, 6D, EV 103.1 MPH)
Michael Cochran scores
Adam Wiltern to second
Batting: RHB Kian Curling 0-0: Ball
1-0: Ball
2-0: SINGLE (Line Drive, 7LS, EV 104.4 MPH)
Adam Wiltern to third
Batting: LHB Masamune Ueda 0-0: Called Strike
Kian Curling steals 2nd base
0-1: DOUBLE (Line Drive, 89M, EV 105.0 MPH)
Adam Wiltern scores
Kian Curling scores
Batting: RHB Bras Castanheta 0-0: Ground out 5-3 (Groundball, 56, EV 91.2 MPH)
Batting: LHB Murray Sperber 0-0: Ball
1-0: Ball
2-0: Swinging Strike
2-1: Called Strike
2-2: Ball
3-2: Fly out, F8 (Line Drive, 8LM, EV 84.4 MPH)
Bottom of the 6th over - 3 runs, 4 hits, 0 errors, 1 left on base; Houston 0 - Pennsauken 8
TOP OF THE 7TH
Houston BC batting - Pitching for Pennsauken Flyers : LHP Dave O'Neil
Batting: RHB Bailey Gribbins 0-0: Called Strike
0-1: Ball
1-1: Swinging Strike
1-2: Ball
2-2: Foul Ball, location: 2F
2-2: Ball
3-2: Foul Ball, location: 2F
3-2: Base on Balls
Pinch Hitting: RHB Ionut Tintoaca 0-0: Ball
1-0: Swinging Strike
1-1: Ball
2-1: Ball
3-1: Base on Balls
Bailey Gribbins to second
Batting: RHB Omer van de Linde 0-0: Called Strike
0-1: Ball
1-1: Foul Ball, location: 2F
1-2: Strikes out swinging
Pinch Hitting: LHB Cal MacKim 0-0: Called Strike
0-1: Ball
1-1: Fielders Choice at 2nd, 4-6 (Groundball, 34, EV 85.6 MPH)
Bailey Gribbins to third
Batting: LHB Armando Viña 0-0: Called Strike
Cal MacKim steals 2nd base (no throw)
0-1: Ground out 5-3 (Groundball, 56, EV 89.4 MPH)
Top of the 7th over - 0 runs, 0 hits, 0 errors, 2 left on base; Houston 0 - Pennsauken 8
BOTTOM OF THE 7TH
Pennsauken Flyers batting - Pitching for Houston BC : RHP Wop Baars
Now at 1B: Abraham Koen
Now in RF: Cal MacKim
Pinch Hitting: RHB Joshua Neal 0-0: Ball
1-0: Swinging Strike
1-1: Ball
2-1: Called Strike
2-2: Strikes out looking
Batting: RHB Manuel Vallejo 0-0: Swinging Strike
0-1: Foul Ball, location: 2F
0-2: Foul Ball, location: 2F
0-2: Ground out 1-3 (Groundball, 15S, EV 67.5 MPH)
Batting: LHB Michael Cochran 0-0: Ball
1-0: Foul Ball, location: 2F
1-1: Foul Ball, location: 2F
1-2: Ball
2-2: Foul Ball, location: 2F
2-2: Ball
3-2: Foul Ball, location: 2F
3-2: SINGLE (Flyball, 7LS, EV 91.2 MPH) - OUT at second base trying to stretch hit.
Bottom of the 7th over - 0 runs, 1 hit, 0 errors, 0 left on base; Houston 0 - Pennsauken 8
TOP OF THE 8TH
Houston BC batting - Pitching for Pennsauken Flyers : LHP Dave O'Neil
Now at 1B: Alan Hubbard
Batting: RHB Tong-sik Im 0-0: Foul Ball, location: 2F
0-1: Foul Ball, location: 2F
0-2: Strikes out swinging
Batting: LHB Ramón Torres 0-0: Ball
1-0: Foul Ball, location: 2F
1-1: Foul Ball, location: 2F
1-2: Strikes out swinging
Batting: LHB Rich Watkins 0-0: Ball
1-0: Ball
2-0: Fly out, F3 (Line Drive, 3, EV 66.2 MPH)
Top of the 8th over - 0 runs, 0 hits, 0 errors, 0 left on base; Houston 0 - Pennsauken 8
BOTTOM OF THE 8TH
Pennsauken Flyers batting - Pitching for Houston BC : RHP Wop Baars
Batting: RHB Adam Wiltern 0-0: Foul Ball, location: 2F
0-1: Ground out 5-3 (Groundball, 56, EV 94.4 MPH)
Batting: RHB Kasper Schuilenberg 0-0: Called Strike
0-1: Foul Ball, location: 2F
0-2: Ground out 6-3 (Groundball, 56, EV 108.8 MPH)
Batting: RHB Kian Curling 0-0: Swinging Strike
0-1: Ball
1-1: Ground out 3-1 (Groundball, 34, EV 101.2 MPH)
Bottom of the 8th over - 0 runs, 0 hits, 0 errors, 0 left on base; Houston 0 - Pennsauken 8
TOP OF THE 9TH
Houston BC batting - Pitching for Pennsauken Flyers : LHP Dave O'Neil
Batting: LHB José Vera 0-0: Called Strike
0-1: Fly out, F9 (Flyball, 89D, EV 106.2 MPH)
Batting: RHB Bailey Gribbins 0-0: Ball
1-0: Foul Ball, location: 2F
1-1: Ball
2-1: Foul Ball, location: 2F
2-2: Foul Ball, location: 2F
2-2: Ball
3-2: Foul Ball, location: 2F
3-2: Strikes out swinging
Pitching: RHP Min-chor Chon
Batting: LHB Abraham Koen 0-0: Ball
1-0: Called Strike
1-1: Called Strike
1-2: Foul Ball, location: 2F
1-2: Strikes out swinging
Top of the 9th over - 0 runs, 0 hits, 0 errors, 0 left on base; Houston 0 - Pennsauken 8
Wednesday, July 8th, 2020 - OOTP Baseball 20.8 Build 74